 Dungeon Crawl Stone Soup version 0.30.1 (webtiles) character file.

Game seed: 16995025664793377698

4391 McKennaii the Destroyer (level 9, -5/62 HPs)
             Began as a Demigod Conjurer on July 10, 2023.
             Slain by a seven-headed hydra (7 damage)
             ... on level 11 of the Dungeon.
             The game lasted 00:09:54 (9447 turns).

McKennaii the Destroyer (Demigod Conjurer)          Turns: 9447, Time: 00:09:55

Health: -5/62      AC:  8    Str:  8    XL:     9   Next: 90%
Magic:  3/26       EV: 12    Int: 32    God:
Gold:   222        SH:  5    Dex: 18    Spells: 19/26 levels left

rFire   . . .        (no weapon)
rCold   . . .        (no shield)
rNeg    + . .        y - +0 steam dragon scales
rPois   .            p - +0 helmet
rElec   .            u - +0 cloak
rCorr   .            (no gloves)
SInv    .            k - +0 pair of boots
Will    .....        e - amulet of reflection
Stlth   ++           q - +6 ring of dexterity
HPRegen 0.30/turn    s - ring of positive energy
MPRegen 0.20/turn

%: reflection
@: very slightly contaminated, studying Short Blades
A: high MP 1, forlorn, divine attributes
a: no special abilities


You were on level 11 of the Dungeon.
You visited 1 branch of the dungeon, and saw 9 of its levels.

You collected 425 gold pieces.
You spent 203 gold pieces at shops.

Inventory:

Missiles
 x - 2 throwing nets
Armour
 k - a +0 pair of boots (worn)
 p - a +0 helmet (worn)
 u - a +0 cloak (worn)
 y - +0 steam dragon scales (worn)
Jewellery
 e - an amulet of reflection (around neck)
 q - a +6 ring of dexterity (left hand)
 s - a ring of positive energy (right hand)
Wands
 o - a wand of iceblast (6)
 r - a wand of charming (15)
 B - a wand of light (8)
Scrolls
 d - 2 scrolls of magic mapping
 f - 2 scrolls of blinking
 h - 5 scrolls of identify
 l - 3 scrolls of immolation
 n - 2 scrolls of fear
 t - 2 scrolls of enchant armour
 v - 4 scrolls of teleportation
 z - a scroll of amnesia
 A - a scroll of enchant weapon
Potions
 a - a potion of attraction
 b - 3 potions of magic
 c - 2 potions of haste
 g - 5 potions of heal wounds
 i - 4 potions of curing
 j - 2 potions of lignification
 m - a potion of invisibility
 w - 2 potions of berserk rage


   Skills:
 - Level 1.7 Dodging
 - Level 1.7 Stealth
 + Level 9.0 Spellcasting
 + Level 10.3 Conjurations


You had 19 spell levels left.
You knew the following spells:

 Your Spells              Type           Power      Damage    Failure   Level
a - Magic Dart            Conj           100%       1d8       1%          1
b - Searing Ray           Conj           100%       2d8       1%          2
c - Iskenderun's Mystic   Conj/Tloc      47%        2d10      4%          4

Your spell library contained the following spells:

 Spells                   Type           Power      Damage    Failure   Level
 Kiss of Death            Conj/Necr      100%       2d13      1%          1
 Momentum Strike          Conj/Tloc      94%        3d10      1%          2
 Dazzling Flash           Conj/Hex       94%        N/A       1%          3
 Hailstorm                Conj/Ice       47%        3d11      1%          3
 Apportation              Tloc           28%        N/A       3%          1
 Blink                    Tloc           28%        N/A       4%          2
 Lesser Beckoning         Tloc           28%        N/A       4%          2
 Scorch                   Fire           28%        2d6       4%          2
 Flame Wave               Conj/Fire      47%        2d12      4%          4
 Fulminant Prism          Conj/Hex       23%        3d12      4%          4
 Confusing Touch          Hex            14%        N/A       10%         3
 Dispel Undead            Necr           14%        3d10      32%         4
 Ice Form                 Ice/Tmut       14%        N/A       32%         4
 Alistair's Intoxication  Tmut/Pois      9%         N/A       67%         5
 Simulacrum               Ice/Necr       7%         N/A       99%         6
 Summon Cactus Giant      Summ           7%         N/A       99%         6


Dungeon Overview and Level Annotations

Branches:
Dungeon (8/15)             Temple (0/1) D:6
   Lair: D:8-11

Shops:
D:2 !   D:3 !   D:5 *   D:7 ?


Innate Abilities, Weirdness & Mutations

You have an increased reservoir of magic. (+10% MP)
You shall have no god before yourself.
Your divine heritage dramatically boosts your attributes as you level up.


Message History

The mystic blast hits the seven-headed hydra.
The seven-headed hydra is heavily wounded.
The seven-headed hydra barely misses you.
The seven-headed hydra completely misses you.
The seven-headed hydra closely misses you.
The seven-headed hydra bites you. The seven-headed hydra bites you!
You block the seven-headed hydra's attack.
The seven-headed hydra bites you.
Casting: Iskenderun's Mystic Blast (dangerous; 4% risk of failure)
Confirm with . or Enter, or press ? or * to list all spells.
You erupt in a blast of force!
The mystic blast hits the seven-headed hydra!
The seven-headed hydra is severely wounded.
The seven-headed hydra is knocked back by the mystic blast.
You hear a shout!
An orc comes into view. It is wielding a +0 hand axe.
You hear an angry hiss.
Unknown command.
Casting: Iskenderun's Mystic Blast (dangerous; 4% risk of failure)
Confirm with . or Enter, or press ? or * to list all spells.
You erupt in a blast of force!
The mystic blast hits the seven-headed hydra!
The seven-headed hydra is almost dead.
The seven-headed hydra bites you. The seven-headed hydra bites you!
The seven-headed hydra bites you.
You block the seven-headed hydra's attack.
The seven-headed hydra bites you. The seven-headed hydra bites you!
* * * LOW HITPOINT WARNING * * *
The seven-headed hydra bites you!
* * * LOW HITPOINT WARNING * * *
Unknown command.
Unknown command.
Casting: Iskenderun's Mystic Blast (dangerous; 4% risk of failure)
Confirm with . or Enter, or press ? or * to list all spells.
You miscast Iskenderun's Mystic Blast.
You are very lightly contaminated with residual magic.
Nothing appears to happen.
The seven-headed hydra bites you.
* * * LOW HITPOINT WARNING * * *
The seven-headed hydra bites you!
You die...

. ... ....
#####.o.#
#......o.
+@Do.....##.
#'#...#..#.
###.........k
#...#......#
##..†#.....##
#....#......# .
####.##....#....
#....#†......D
#.....#....##.


You could see a seven-headed hydra, an orc wizard and 2 orcs.

Vanquished Creatures
  A two-headed ogre (D:5)
  A wyvern (D:8)
  4 yaks (D:7)
  3 steam dragons
  Eustachio (D:6)
  An acid dragon (D:6)
  2 water moccasins
  2 sky beasts
  A black bear (D:7)
  3 ice beasts
  3 wolves (D:11)
  A centaur (D:6)
  3 ogres
  A phantom (D:5)
  A kobold brigand (D:7)
  A scorpion (D:6)
  2 bullfrogs
  2 howler monkeys (D:7)
  2 orc priests
  3 hounds
  2 jellies
  2 sleepcaps (D:6)
  3 iguanas
  2 orc wizards
  Robin (D:4)
  8 gnolls
  7 adders
  A shadow imp (D:5)
  2 white imps
  2 ufetubi
  A worm (D:3)
  A dart slug (D:1)
  20 orcs
  7 ball pythons
  6 bats
  8 endoplasms
  3 giant cockroaches
  9 goblins
  13 hobgoblins
  7 jackals
  11 kobolds
  3 quokkas
  3 frilled lizards
  4 rats
164 creatures vanquished.

Vanquished Creatures (others)
  A goblin (D:4)
  A kobold (D:7)
2 creatures vanquished.

Grand Total: 166 creatures vanquished

Notes
Turn   | Place    | Note
-------+----------+-------------------------------------------
     0 | D:1      | McKennaii the Demigod Conjurer began the quest for the Orb.
     0 | D:1      | Reached XP level 1. HP: 14/14 MP: 5/5
   389 | D:1      | Reached XP level 2. HP: 20/20 MP: 2/7
   392 | D:1      | Learned a level 2 spell: Searing Ray
   643 | D:1      | Reached skill level 4 in Conjurations
  1340 | D:2      | Reached XP level 3. HP: 18/26 MP: 1/9
  1849 | D:2      | Found Bifom's Distillery.
  1857 | D:2      | Bought a potion of heal wounds for 65 gold pieces
  2372 | D:3      | Reached XP level 4. HP: 33/33 MP: 1/11
  2561 | D:3      | Learned a level 4 spell: Iskenderun's Mystic Blast
  2956 | D:3      | Noticed a water moccasin
  2974 | D:3      | Killed a water moccasin
  2975 | D:3      | Reached skill level 5 in Conjurations
  2975 | D:3      | Reached XP level 5. HP: 38/38 MP: 0/13
  3360 | D:3      | Found Videmir's Distillery.
  3368 | D:3      | Bought a potion of curing for 33 gold pieces
  3938 | D:4      | Noticed Robin
  3964 | D:5      | Entered Level 5 of the Dungeon
  4082 | D:5      | Found Nosoene's Assorted Antiques.
  4136 | D:5      | Noticed a two-headed ogre
  4187 | D:6      | Noticed an acid dragon
  4195 | D:6      | Killed an acid dragon
  4196 | D:6      | Reached XP level 6. HP: 26/45 MP: 7/15
  4334 | D:5      | Reached skill level 6 in Conjurations
  4433 | D:4      | Killed Robin
  4687 | D:4      | Reached XP level 7. HP: 50/50 MP: 14/17
  4799 | D:4      | Reached skill level 5 in Spellcasting
  6150 | D:5      | Killed a two-headed ogre
  6151 | D:5      | Reached skill level 7 in Conjurations
  6151 | D:5      | Reached XP level 8. HP: 22/57 MP: 5/21
  6325 | D:6      | Noticed Eustachio
  6339 | D:6      | Killed Eustachio
  6340 | D:6      | Reached skill level 8 in Conjurations
  6968 | D:6      | Found a staircase to the Ecumenical Temple.
  7682 | D:7      | Reached XP level 9. HP: 55/62 MP: 17/24
  7740 | D:7      | Reached skill level 9 in Conjurations
  7983 | D:7      | Found Wibukuam's Magic Scroll Shoppe.
  7991 | D:7      | Bought a scroll of teleportation for 30 gold pieces
  7991 | D:7      | Bought a scroll of blinking for 75 gold pieces
  8911 | D:8      | Reached skill level 10 in Conjurations
  9227 | D:8      | You fall into a shaft and drop 3 floors!
  9279 | D:11     | Noticed a rime drake
  9311 | D:11     | Noticed a seven-headed hydra
  9447 | D:11     | HP: 2/62 [seven-headed hydra (2)]
  9447 | D:11     | Slain by a seven-headed hydra

Illustrated notes

Levels and vault maps discovered:
D:1:      elethiomel_arrival_maze, layout_basic, serial_curves, eino_curves_02,
          eino_curves_02, hangedman_decor_growths
D:2:      layout_basic, serial_shops, shop, ebering_ecumenical_altar_sacrificial
D:3:      cheibrodos_helix_gallery, layout_basic, serial_shops,
          nicolae_square_shop
D:4:      layout_cave_pods, minmay_manual_moon, uniq_robin
D:5:      layout_basic, mainiacjoe_overflow_brackets, serial_shops,
          nicolae_shop_waterfront
D:6:      layout_basic, mainiacjoe_overflow_tiny_flanked,
          minmay_temple_entry_offerings, serial_rivers,
          chequers_serial_rivers_micro_b, chequers_serial_rivers_marsh,
          chequers_serial_rivers_small_b, chequers_serial_rivers_micro_a,
          chequers_serial_rivers_micro_c, st_stairs_11, uniq_eustachio
D:7:      layout_gridville, nemelex_xobeh_ov_fountains_minmay, zin_scriptorium,
          serial_shops, nicolae_shop_waterfront
D:8:      layout_gridville, chequers_temple_overflow_statue_of_worship,
          hangedman_decor_clover_reticule, chequers_serial_rivers_micro_e
D:11:     layout_gridville, hellmonk_lair_entry_icy

Skill      XL: |  1  2  3  4  5  6  7  8  9 |
---------------+----------------------------+-----
Spellcasting   | 2 3 4 6 7 9 |  9.0
Conjurations   | 4 5 6 7 8 10 | 10.3
Dodging        | |  1.7
Stealth        | |  1.7

Action                     |  1- 3 |  4- 6 |  7- 9 || total
---------------------------+-------+-------+-------++-------
  Melee: Unarmed           |     8 |       |     5 ||    13
   Cast: Magic Dart        |    67 |    98 |   107 ||   272
         Searing Ray       |     3 |    16 |    56 ||    75
         Iskenderun's Myst |       |       |     7 ||     7
  Evoke: Wand              |       |       |     4 ||     4
    Use: Scroll            |       |       |    10 ||    10
 Armour: Robe              |     5 |     8 |     2 ||    15
         Leather armour    |       |       |     4 ||     4
         Steam dragon scal |       |       |    21 ||    21
  Dodge: Dodged            |    30 |    36 |    61 ||   127
  Block: Other             |     2 |    22 |    21 ||    45
         Reflection        |     1 |     2 |     1 ||     4
